 Dungeon Crawl Stone Soup version 0.29.0-5-ge4962eb29e (webtiles) character file.

Game seed: 9246929167775679629

73 diana the Insei (level 4, -1/28 HPs)
             Began as an Octopode Transmuter on Aug 28, 2022.
             Killed from afar by an orc wizard (11 damage)
             ... with a puff of flame
             ... on level 3 of the Dungeon.
             The game lasted 00:01:46 (2406 turns).

diana the Insei (Octopode Transmuter)               Turns: 2406, Time: 00:01:47

Health: -1/28      AC:  1    Str: 15    XL:     4   Next: 27%
Magic:  4/7        EV: 13    Int: 17    God:
Gold:   76         SH:  0    Dex: 12    Spells: 1/7 levels left

rFire   . . .      SeeInvis .     - Unarmed
rCold   . . .      Faith    .   (no shield)
rNeg    . . .      Spirit   .   (helmet currently unavailable)
rPois   .          Reflect  .   (no amulet)
rElec   .          Harm     .   b - +6 ring of strength
rCorr   .          Rampage  .   j - ring of wizardry
Will    .....                   (no ring)
Stlth   ++........              (no ring)
HPRegen 0.09/turn               (no ring)
MPRegen 0.10/turn               (no ring)
                                (no ring)
                                (no ring)

@: appendages, wereblooded
A: tentacle spike 3, almost no armour, amphibious, 8 rings, camouflage 1,
gelatinous body 1, (nimble swimmer 1), tentacles
a: End Transformation


You were on level 3 of the Dungeon.
One of your tentacles had grown a beastly spike.
You visited 1 branch of the dungeon, and saw 3 of its levels.

You collected 76 gold pieces.

Inventory:

Jewellery
 b - a +6 ring of strength (left tentacle)
 j - a ring of wizardry (right tentacle)
 m - a ring of see invisible
Scrolls
 d - a scroll of immolation {unknown}
 e - 2 scrolls of identify {unknown}
 g - a scroll of teleportation {unknown}
 i - a scroll of poison {unknown}
 k - 3 scrolls of enchant weapon {unknown}
 l - a scroll of fear {unknown}
 n - a scroll of acquirement {unknown}
Potions
 a - a potion of lignification
 c - 2 potions of mutation {unknown}
 f - 2 potions of degeneration {unknown}
 h - a potion of flight {unknown}
 o - a potion of haste {unknown}


   Skills:
 + Level 1.4 Fighting
 + Level 2.2 Dodging
 + Level 3.5 Unarmed Combat
 + Level 2.4 Spellcasting
 * Level 3.1 Transmutations


You had one spell level left.
You knew the following spells:

 Your Spells              Type           Power      Damage    Failure   Level
a - Beastly Appendage     Tmut           24%        N/A       1%          1
b - Wereblood             Tmut           12%        N/A       3%          2
c - Spider Form           Tmut/Pois      7%         N/A       12%         3

Your spell library contained the following spells:

 Spells                   Type           Power      Damage    Failure   Level
 Passwall                 Tmut/Erth      5%         N/A       6%          2
 Blink                    Tloc           4%         N/A       12%         2
 Ensorcelled Hibernation  Hex/Ice        4%         N/A       12%         2
 Portal Projectile        Hex/Tloc       4%         N/A       22%         3
 Swiftness                Air            2%         N/A       22%         3
 Tukima's Dance           Hex            2%         N/A       22%         3
 Ice Form                 Ice/Tmut       7%         N/A       34%         4
 Blade Hands              Tmut           6%         N/A       45%         5
 Manifold Assault         Tloc           2%         N/A       87%         5
 Storm Form               Tmut/Air       3%         N/A       100%        7


Dungeon Overview and Level Annotations

Branches:
Dungeon (3/15)

Altars:


Innate Abilities, Weirdness & Mutations

One of your tentacles has grown a beastly spike.
You cannot wear most types of armour.
You are amphibious.
You can wear up to eight rings at the same time.
Your skin changes colour to match your surroundings (Stealth+).
Your rubbery body absorbs attacks. (AC +1, EV +1)
((You are camouflaged when in or above water. (Stealth+)))
You have tentacles for arms and can constrict up to eight enemies at once.


Message History

Your tentacle spike disappears.
You see here a dart slug corpse.
Done exploring.
Done exploring.
Done exploring.
(D) Dungeon
Where to? (Enter - D:2, ? - help)
You see here a stone.
There is an open door here.
There is a stone staircase leading up here.
There is an open door here.
There is a stone staircase leading down here.
You climb downwards.
Found a spear.
There is a stone staircase leading up here.
Found a ring mail.
A goblin comes into view. It is wielding a +3 dagger.
The goblin shouts!
You hear an angry hiss.
An adder comes into view.
The goblin moves out of view.
An adder is nearby!
An adder is nearby!
An adder is nearby!
One of your tentacles grows a vicious spike.
An orc wizard comes into view. It is wielding a +0 dagger.
You tentacle-slap the adder. You grab the adder.
The adder is lightly wounded.
You constrict the adder. The adder completely misses you.
Casting: Beastly Appendage (safe; 1% risk of failure)
Confirm with . or Enter, or press ? or * to list all spells.
Your blood is infused with primal strength.
You constrict the adder. The adder misses you.
The orc wizard gestures at you while chanting.
The puff of flame hits you!
Ouch! That really hurt!
The adder bites you.
You release your grip on the adder.
The orc wizard points at you and mumbles some strange words.
The puff of flame hits you!
You die...

..#.###...#.###..
.....#.##.. ....
.......##.##.#.##.
#..).......#....
#.............#
#.............#
#....#...#..#
##.##..........#
#......<..#@g..#
...####..##....# .
#####S...#
#......#
#...$...o.
#.........
#.[..##### #....#
#....#


You could see an orc wizard, an adder and a goblin.

Vanquished Creatures
  3 adders (D:2)
  2 worms (D:2)
  A dart slug (D:2)
  3 endoplasms (D:1)
  A giant cockroach (D:1)
  4 goblins
  5 hobgoblins (D:1)
  2 jackals (D:1)
  5 kobolds
  A quokka (D:1)
  2 ball pythons
  3 bats (D:1)
  2 frilled lizards (D:2)
  A rat (D:2)
35 creatures vanquished.

Vanquished Creatures (others)
  7 toadstools (D:1)
7 creatures vanquished.

Grand Total: 42 creatures vanquished

Notes
Turn   | Place    | Note
-------+----------+-------------------------------------------
     0 | D:1      | diana the Octopode Transmuter began the quest for the Orb.
     0 | D:1      | Reached XP level 1. HP: 13/13 MP: 3/3
   252 | D:1      | Reached XP level 2. HP: 18/18 MP: 3/5
   754 | D:1      | Found a faded altar of an unknown god.
   858 | D:1      | Reached XP level 3. HP: 22/23 MP: 4/6
  1631 | D:2      | Reached XP level 4. HP: 22/28 MP: 7/7
  1727 | D:2      | Learned a level 2 spell: Wereblood
  1731 | D:2      | Learned a level 3 spell: Spider Form
  2406 | D:3      | Killed from afar by an orc wizard

Illustrated notes

Levels and vault maps discovered:
D:1:      nagdon_arrival_double_spiral, layout_basic,
          shapermc_ecumenical_altar_notcrosses
D:2:      layout_basic, minmay_misc_feat_columns
D:3:      layout_rooms, hangedman_feature_mirror

Skill      XL: |  1  2  3 |
---------------+----------+-----
Transmutations | 3 |  3.1
Fighting       | |  1.4
Dodging        | |  2.2
Unarmed Combat | |  3.5
Spellcasting   | |  2.4

Action                   |  1- 3 |  4- 6 || total
-------------------------+-------+-------++-------
Melee: Unarmed           |    70 |    11 ||    81
       Kick              |    27 |     1 ||    28
       Tentacles         |    16 |     2 ||    18
       Constrict         |    17 |     3 ||    20
 Cast: Beastly Appendage |    22 |     5 ||    27
       Wereblood         |       |     1 ||     1
 Stab: Sleeping          |     4 |     4 ||     8
Armor: Skin              |     2 |     1 ||     3
Dodge: Dodged            |    31 |     6 ||    37
